Map: Divergence LE

Players

ǂMystïCLinGǂ - Winner!

  • Race: Terran Terran
  • League: Diamond
  • Spawn Location: 11:00

parasite - Winner!

  • Race: Zerg Zerg
  • Spawn Location: 11:00

Massa

  • Race: Terran Terran
  • League: Gold
  • Spawn Location: 5:00

qqq

  • Race: Zerg Zerg
  • League: Platinum
  • Spawn Location: 5:00

VOD

Have the link to the VOD?

Description

Time

  • Played on: May 30, 2020, 5:27 a.m.
  • Length: 10:47
Show
View Real Time Build Order
Export as new Build Order

ǂMystïCLinGǂ Terran - Winner!

Build Orders: 2 Factory, Mech 

Get SALT Encoding   

  12  0:02  SCV  
  13  0:14  SCV  
  14  0:28  SCV  
  14  0:30  Supply Depot  
  15  0:51  SCV  
  15  0:53  Barracks  
  16  1:00  Refinery  
  16  1:03  SCV  
  17  1:05  Refinery  
  17  1:22  SCV  
  18  1:34  SCV  
  19  1:40  Supply Depot  
  19  1:43  Marine  
  19  1:47  SCV  
  21  1:59  SCV  
  22  2:08  Factory  
  22  2:11  SCV  
  23  2:28  Command Center  
  23  2:36  Barracks Tech Lab  
  23  2:42  Orbital Command  
  23  2:56  Factory  
  23  3:08  Siege Tank  
  23  3:10  SCV  
  27  3:19  Supply Depot  
  27  3:22  SCV  
  28  3:34  SCV  
  28  3:41  Factory Reactor  
  29  3:44  Siege Tank  
  32  3:51  Orbital Command  
  32  3:57  SCV  
  33  4:09  SCV  
  34  4:14  Factory  
  34  4:22  SCV x2  
  36  4:27  Hellion x2  
  36  4:31  Siege Tank  
  43  4:34  SCV x2  
  45  4:39  Orbital Command  
  45  4:46  SCV  
  45  4:48  Supply Depot  
  45  4:49  Supply Depot  
  47  4:58  SCV  
  47  5:07  Armory  
  47  5:08  Armory  
  47  5:15  SCV x2  
  49  5:22  Refinery  
  49  5:25  Refinery  
  49  5:27  SCV x2  
  51  5:36  Engineering Bay  
  51  5:39  SCV x2  
  53  5:48  Command Center  
  53  5:51  SCV x2  
  55  5:59  Factory Tech Lab  
  55  6:03  SCV x2  
  57  6:07  Terran Vehicle And Ship Armor Level 1, Terran Vehicle Weapons Level 1  
  57  6:17  Starport, Thor  
  63  6:18  Starport  
  63  6:20  Hellion  
  63  6:21  Hellion  
  63  6:22  Infernal Pre-Igniter  
  67  6:39  Missile Turret  
  67  6:40  Missile Turret  
  67  6:42  Hellion  
  67  6:44  Supply Depot x2  
  69  7:00  Hellion, Siege Tank x2  
  77  7:03  Missile Turret  
  77  7:04  Missile Turret  
  77  7:08  Supply Depot  
  77  7:09  Supply Depot  
  77  7:15  Starport Reactor x2  
  77  7:27  Factory  
  77  7:29  Factory  
  77  7:46  Orbital Command  
  77  7:48  Missile Turret  
  77  8:07  Terran Vehicle And Ship Armor Level 2, Terran Vehicle Weapons Level 2  
  77  8:10  Viking x4  
  85  8:14  Factory Tech Lab  
  85  8:15  Factory Tech Lab  
  85  8:16  Hellion  
  85  8:17  Hellion x3  
  93  8:38  Hellion x4  
  101  8:53  Thor x2  
  113  8:59  Hellion x2  
  117  9:13  Missile Turret x2  
  117  9:34  Missile Turret  
  117  9:35  Missile Turret  
  117  9:37  Hellion  
  117  9:39  Hellion  
Show
View Real Time Build Order
Export as new Build Order

parasite Zerg - Winner!

Build Orders: Hatch First 

Get SALT Encoding   

  12  0:00  Drone  
  13  0:12  Overlord  
  13  0:16  Drone  
  14  0:38  Drone x2  
  14  0:39  Drone  
  17  0:57  Hatchery, Drone  
  17  1:00  Extractor  
  17  1:02  Drone  
  17  1:21  Drone, Spawning Pool  
  17  1:26  Drone  
  18  1:36  Drone  
  19  2:09  Queen  
  19  2:11  Queen, Metabolic Boost  
  19  2:13  Zergling x6  
  19  2:15  Overlord  
  26  2:28  Drone  
  26  2:29  Drone  
  28  2:40  Drone x2  
  30  2:49  Drone x2  
  32  2:56  Overlord  
  32  2:57  Drone  
  33  3:14  Hatchery  
  33  3:15  Drone  
  33  3:16  Drone x2  
  35  3:21  Drone x4  
  35  3:22  Drone  
  37  3:47  Spore Crawler  
  36  3:50  Lair  
  36  3:55  Extractor  
  36  3:56  Extractor  
  36  3:57  Drone x2  
  36  3:58  Drone x3  
  36  4:00  Drone x3  
  36  4:01  Drone  
  43  4:04  Drone, Extractor  
  43  4:05  Drone  
  44  4:10  Evolution Chamber x2  
  44  4:16  Drone x2  
  44  4:19  Overlord  
  44  4:37  Spore Crawler  
  44  4:38  Drone x2  
  44  4:41  Drone x3  
  44  4:45  Zerg Missile Weapons Level 1, Zerg Ground Armor Level 1  
  48  4:51  Hydralisk Den  
  47  4:57  Queen  
  49  5:00  Drone x4  
  49  5:01  Drone x2  
  49  5:05  Overlord x3  
  55  5:20  Hydralisk, Muscular Augments  
  57  5:22  Hydralisk x2  
  61  5:29  Extractor  
  61  5:30  Drone x5  
  61  5:31  Drone x2, Extractor  
  61  5:33  Hydralisk  
  68  5:36  Hydralisk  
  68  5:38  Hydralisk  
  72  5:46  Drone x3  
  72  5:47  Hydralisk  
  72  5:48  Hydralisk  
  79  5:58  Hydralisk  
  79  6:01  Overlord x2  
  81  6:09  Drone  
  82  6:19  Hydralisk x2  
  82  6:20  Hydralisk x5  
  82  6:21  Hydralisk  
  82  6:22  Overlord  
  98  6:31  Grooved Spines  
  98  6:35  Spore Crawler, Overlord x3  
  97  6:42  Zerg Missile Weapons Level 2  
  97  6:44  Zerg Ground Armor Level 2  
  97  7:00  Hatchery, Drone x3  
  97  7:01  Drone x2  
  101  7:04  Overseer  
  101  7:16  Drone  
  101  7:17  Drone x3  
  105  7:23  Infestation Pit  
  104  7:30  Hydralisk x2  
  104  7:31  Hydralisk x4  
  104  7:32  Hydralisk x3  
  104  7:34  Overlord  
  104  7:35  Overlord  
  122  7:51  Overlord  
  122  7:52  Overlord x4  
  122  8:00  Hydralisk x2  
  122  8:01  Hydralisk x2  
  122  8:05  Overlord x2  
  130  8:09  Hive  
  130  8:16  Queen  
  130  8:17  Drone x3  
  130  8:18  Drone x3  
  138  8:21  Extractor  
  138  8:25  Extractor  
  132  8:50  Hydralisk  
  132  8:51  Hydralisk x12  
  132  8:52  Hydralisk  
  160  9:07  Spore Crawler  
  160  9:08  Queen  
  161  9:19  Hydralisk  
  161  9:20  Hydralisk x9  
Show
View Real Time Build Order
Export as new Build Order

Massa Terran 

Build Orders:  

Get SALT Encoding   

  12  0:08  SCV  
  13  0:20  Supply Depot  
  13  0:22  SCV  
  14  0:34  SCV  
  15  0:44  Barracks  
  15  0:46  SCV  
  16  0:58  SCV  
  17  1:16  SCV  
  18  1:28  SCV  
  19  1:33  Marine  
  20  1:41  Barracks  
  20  1:46  Refinery  
  20  1:51  Marine  
  21  2:09  Marine  
  22  2:17  Orbital Command  
  22  2:23  Refinery  
  22  2:27  Marine  
  23  2:36  Marine  
  23  2:47  Bunker  
  23  2:51  Supply Depot  
  23  2:54  Supply Depot  
  23  3:07  Barracks Tech Lab  
  23  3:16  Barracks Reactor  
  25  3:34  Marauder  
  25  3:48  Bunker  
  27  3:55  Marauder  
  27  3:57  Factory  
  27  4:01  Engineering Bay  
  27  4:10  Combat Shield  
  27  4:11  Marine x2  
  31  4:17  Marauder  
  31  4:26  SCV  
  31  4:29  Marine x2  
  34  4:35  Terran Infantry Weapons Level 1  
  34  4:38  SCV  
  35  4:46  Marine  
  35  4:47  Marine  
  35  4:50  Command Center  
  37  4:54  Factory Tech Lab  
  37  4:57  Marauder  
  39  5:14  Supply Depot  
  39  5:35  Marine x2  
  39  5:36  SCV, Marauder, Supply Depot, Siege Tank  
  47  5:53  Supply Depot  
  47  5:58  SCV, Marauder, Marine, Supply Depot  
  47  6:00  Supply Depot  
  51  6:04  Supply Depot  
  51  6:08  Siege Tank  
  51  6:10  SCV, Missile Turret  
  55  6:17  SCV  
  56  6:24  Stimpack  
  56  6:31  Missile Turret  
  56  6:37  Missile Turret  
  56  6:38  SCV x2  
  58  7:02  Marauder, Marine x2  
  62  7:17  Missile Turret  
  62  7:20  Marine  
  63  7:24  Marauder  
  65  7:33  Missile Turret  
  65  7:34  SCV  
  66  7:38  Orbital Command  
  66  7:39  Missile Turret  
  66  7:47  SCV, Terran Infantry Armor Level 1  
  67  7:52  Siege Tank  
  67  7:54  Missile Turret  
  70  7:59  Missile Turret  
  70  8:01  Missile Turret  
  70  8:08  Sensor Tower  
  70  8:14  Sensor Tower, Missile Turret  
  70  8:18  Marauder, Marine  
  73  8:35  Concussive Shells  
  73  8:38  Marine x2  
  73  8:39  Marauder  
  77  8:47  Armory  
  77  8:50  Starport  
  77  8:55  Marine  
  77  8:56  Marine  
  77  9:00  Marauder  
  81  9:16  Siege Tank  
  84  9:25  Engineering Bay  
  84  9:27  SCV x2  
  86  9:33  Refinery  
  86  9:39  SCV x2  
  77  9:48  Thor  
  77  9:51  SCV  
  65  9:58  Barracks  
  42  10:07  Barracks  
  42  10:21  Barracks  
  42  10:23  Barracks  
  42  10:30  Barracks  
  45  10:46  Barracks  
Show
View Real Time Build Order
Export as new Build Order

qqq Zerg 

Build Orders: Hatch First 

Get SALT Encoding   

  12  0:03  Drone  
  13  0:08  Drone  
  14  0:39  Hatchery  
  13  0:52  Extractor, Drone, Overlord  
  13  0:53  Drone  
  14  1:09  Spawning Pool  
  13  1:17  Drone x2  
  15  1:33  Drone  
  15  1:36  Drone  
  17  1:49  Drone  
  18  1:55  Queen  
  18  1:58  Queen  
  22  2:01  Drone  
  22  2:05  Drone  
  24  2:09  Drone  
  25  2:22  Drone  
  26  2:24  Spine Crawler  
  26  2:27  Overlord  
  25  2:32  Drone  
  26  2:43  Drone  
  26  2:44  Drone  
  28  2:51  Drone  
  28  2:52  Drone  
  30  3:02  Drone, Spine Crawler  
  30  3:04  Lair  
  30  3:07  Drone x2  
  32  3:28  Spine Crawler  
  31  3:37  Drone x2  
  33  3:49  Drone  
  33  3:50  Drone  
  35  3:59  Drone, Overlord  
  35  4:00  Extractor, Overlord x3  
  35  4:16  Drone  
  36  4:18  Spine Crawler, Overlord  
  36  4:21  Drone  
  36  4:30  Spine Crawler  
  35  4:31  Spine Crawler  
  35  4:34  Drone x4  
  38  4:41  Drone x4, Infestation Pit  
  38  4:42  Drone  
  38  4:43  Spire  
  41  4:54  Drone  
  41  4:55  Drone  
  41  4:58  Extractor  
  42  5:03  Drone  
  42  5:05  Drone  
  44  5:10  Extractor  
  44  5:12  Drone  
  44  5:14  Drone  
  45  5:25  Drone x3  
  48  5:30  Hive  
  48  5:45  Drone  
  49  5:50  Zergling x6  
  49  5:55  Zergling x2  
  49  5:56  Overlord  
  53  6:01  Mutalisk  
  53  6:02  Mutalisk x3  
  61  6:16  Mutalisk  
  64  6:25  Drone  
  64  6:26  Mutalisk  
  64  6:27  Overlord  
  64  6:31  Hatchery  
  65  6:35  Hatchery  
  64  6:43  Mutalisk x2  
  64  6:44  Mutalisk x2  
  72  6:55  Mutalisk  
  74  7:04  Greater Spire  
  74  7:12  Drone x2  
  76  7:20  Mutalisk  
  76  7:39  Hatchery  
  76  7:40  Hatchery  
  76  7:42  Corruptor x3  
  80  7:44  Drone  
  80  7:48  Drone  
  80  7:50  Zergling x2  
  80  7:51  Zergling x8  
  87  7:52  Zergling x2  
  87  7:53  Zergling x2  
  87  7:57  Spore Crawler x2  
  87  7:59  Spore Crawler  
  87  8:01  Spore Crawler  
  87  8:04  Spore Crawler x2  
  83  8:07  Spore Crawler  
  83  8:08  Corruptor  
  83  8:10  Drone x2  
  83  8:11  Drone x2  
  88  8:16  Drone x2  
  79  8:47  Spine Crawler  
  74  8:48  Spine Crawler  
  74  8:49  Drone x6, Corruptor  
  74  8:50  Corruptor x5  
  91  9:05  Corruptor  
  91  9:06  Spore Crawler, Corruptor  
  94  9:13  Spine Crawler  
  94  9:14  Drone x3  
  94  9:15  Drone, Overlord  
  97  9:19  Brood Lord  
  99  9:34  Brood Lord  
  93  9:51  Brood Lord  
  81  10:02  Brood Lord  
  70  10:14  Brood Lord  
  62  10:21  Drone x6  
  62  10:22  Drone x5  
  62  10:24  Extractor  
Tags
 
Add a new tag
Caveats
  • Supply blocks, unpowered buildings, or Contaminate may cause inaccurate times.
  • Supply counts are checked every 10 seconds.